 Dungeon Crawl Stone Soup version 0.20.1-1-g8b1a95d (webtiles) character file.

3983 rrRat the Fighter (level 10, -25/94 HPs)
             Began as a Purple Draconian Berserker on Nov 8, 2017.
             Was an Elder of Trog.
             Annihilated by a two-headed ogre
             ... wielding a cursed +0 giant spiked club
              (29 damage)
             ... on level 9 of the Dungeon.
             The game lasted 00:37:29 (7858 turns).

rrRat the Fighter (Purple Draconian Berserker)      Turns: 7858, Time: 00:37:29

Health: -25/94     AC: 11    Str: 22    XL:     10   Next: 2%
Magic:  19/19      EV: 14    Int:  8    God:    Trog [****..]
Gold:   326        SH:  0    Dex: 11    Spells: 9/9 levels left

rFire    . . .     SeeInvis .   H - +8 falchion "Nemn" {venom, rPois MR+}
rCold    . . .     Gourm    .   (no shield)
rNeg     . . .     Faith    .   (armour unavailable)
rPois    +         Spirit   .   (helmet restricted)
rElec    .         Reflect  .   (no cloak)
rCorr    .         Harm     .   G - +0 pair of gloves
MR       ++...                  i - +2 pair of boots
Stlth    ++........             (no amulet)
Regen    0.3/turn               y - ring of magical power
MPRegen  0.2/turn               (no ring)

@: drained
A: breathe power, unfitting armour, cold-blooded, AC +7
a: Breathe Dispelling Energy, Berserk, Trog's Hand, Brothers in Arms, Burn
Spellbooks, Renounce Religion


You were on level 9 of the Dungeon.
You worshipped Trog.
Trog was greatly pleased with you.
You were very hungry.

You visited 1 branch of the dungeon, and saw 9 of its levels.

You collected 475 gold pieces.
You spent 149 gold pieces at shops.

Inventory:

Hand Weapons
 t - a +0 vampiric war axe {Cmon}
 x - a cursed -2 mace
 A - a +1 mace of holy wrath
 B - a +3 trident
 H - the +8 falchion "Nemn" (weapon) {venom, rPois MR+}
   (You found it on level 6 of the Dungeon)

   It poisons the flesh of those it strikes.
   It protects you from poison.
   It affects your resistance to hostile enchantments.
 O - a +3 fustibalus of flaming
Missiles
 j - 3 javelins (quivered)
Armour
 i - a +2 pair of boots (worn)
 G - a +0 pair of gloves (worn)
Jewellery
 y - a ring of magical power (left hand)
Wands
 a - a wand of random effects (15/48)
 l - a wand of iceblast (4/15)
 n - a wand of enslavement (11/24)
 p - a wand of lightning (10/15)
 w - a wand of lightning (3/15)
 C - a wand of flame (15/48)
 F - a wand of random effects (20/48)
 I - a wand of flame (21/48)
 J - a wand of polymorph (18/24)
 N - a wand of enslavement (7/24)
Scrolls
 c - 3 scrolls of recharging {unknown}
 e - 2 scrolls of remove curse
 h - 5 scrolls of immolation
 k - 2 scrolls of enchant weapon {unknown}
 m - a scroll of fear {unknown}
 r - 2 scrolls of noise {unknown}
 s - 4 scrolls of enchant armour {unknown}
 u - 2 scrolls of amnesia {unknown}
 E - 4 scrolls of teleportation {unknown}
 L - a scroll of torment {unknown}
Potions
 d - 3 potions of ambrosia {unknown}
 f - 2 potions of flight
 g - a potion of agility
 v - a potion of berserk rage
 D - a potion of curing
 K - 2 potions of might {unknown}
 M - a potion of cancellation {unknown}
 P - a potion of mutation {unknown}
Books
 q - a book of Callings

   Spells                             Type                      Level
   a - Summon Small Mammal            Summoning                    1
   b - Call Imp                       Summoning                    2
   c - Call Canine Familiar           Summoning                    3
   d - Summon Guardian Golem          Hexes/Summoning              3
   e - Summon Lightning Spire         Summoning/Air                4
   f - Summon Ice Beast               Ice/Summoning                4
   Trog disapproves of the use of such an item.
Miscellaneous
 R - a phial of floods
Comestibles
 b - 4 bread rations
 o - 6 meat rations
 z - 2 royal jellies


   Skills:
 * Level 10.5(10.3) Fighting
 * Level 7.7(7.5) Long Blades
 - Level 4.6(4.9) Axes
 - Level 3.0(4.0) Maces & Flails
 + Level 0.6(0.5) Throwing
 - Level 5.8(5.7) Dodging
 - Level 1.8(1.6) Stealth
 + Level 1.0(0.9) Evocations


You had 9 spell levels left.
You didn't know any spells.

Dungeon Overview and Level Annotations

Branches:
Dungeon (9/15)             Temple (0/1) D:4
   Lair: D:8-11         Orc: D:9-12

Altars:
Makhleb
Nemelex Xobeh
Okawaru
Sif Muna
Uskayaw
Vehumet
Xom
The Shining One

Shops:
D:4 ((

Annotations:
D:5 Prince Ribbit


Innate Abilities, Weirdness & Mutations

You can breathe bolts of dispelling energy.
Your rich purple scales are hard. (AC +7)
You cannot fit into any form of body armour.
You are cold-blooded and may be slowed by cold attacks.


Message History

The two-headed ogre is heavily wounded.
The two-headed ogre misses you.
You riposte.
You hit the two-headed ogre.
The two-headed ogre looks as sick as possible!
Your tail-slap misses the two-headed ogre.
The two-headed ogre is heavily wounded.
The two-headed ogre hits you with a giant club!
You slash the two-headed ogre!
The two-headed ogre looks as sick as possible!
You tail-slap the two-headed ogre.
The two-headed ogre is severely wounded.
You closely miss the two-headed ogre.
The two-headed ogre is almost dead.
The two-headed ogre hits you with a giant spiked club!!
* * * LOW HITPOINT WARNING * * *
The two-headed ogre hits you with a giant club!
* * * LOW HITPOINT WARNING * * *
You barely miss the two-headed ogre.
The two-headed ogre is almost dead.
The two-headed ogre hits you with a giant spiked club!!
You die...

...........####............#.....
...######..#..#....#######.#.....
...#....####..####.# . #.#.....
...#.............#.# .. ###.....
...#.............#.+.... ........
+###.............###.... #####...
......#####'#+##......# #...
'##...#........#......# #...
..#...#........#@.....# #...
.(#...#........#O.....# #...
..#...##########......# #.(.
..#....(..............########...
..#..............................
###..............................
...........###...................
######.....# #####...########....
#.....# #...# #..<.


You could see a two-headed ogre.

Vanquished Creatures
  A two-headed ogre (D:8)
  Sigmund (D:5)
  An orc warrior (D:7)
  A black bear (D:8)
  4 phantoms
  5 ogres
  2 centaurs
  A crocodile (D:8)
  A big kobold (D:8)
  4 bullfrogs
  2 wyvern skeletons
  A scorpion (D:4)
  4 wights (D:9)
  4 howler monkeys
  3 crimson imps
  A bullfrog zombie (D:5)
  A quasit (D:7)
  7 orc priests
  4 orc wizards
  A bullfrog skeleton (D:4)
  A centaur skeleton (D:9)
  5 hounds
  Ijyb (D:3)
  An iguana (D:4)
  6 worker ants
  2 hound skeletons
  2 worker ant zombies (D:6)
  9 adders
  4 shadow imps
  An ooze (D:6)
  An adder skeleton (D:7)
  3 worms
  A dart slug (D:1)
  3 leopard geckos
  31 orcs
  3 ball pythons
  4 giant cockroaches
  11 goblins
  3 hobgoblins
  4 jackals (D:2)
  3 quokkas
  10 bats
  4 frilled lizards
  12 kobolds
  A leopard gecko skeleton (D:4)
  4 rats
179 creatures vanquished.

Notes
Turn   | Place    | Note
-------+----------+-------------------------------------------
     0 | D:1      | rrRat the Draconian Berserker began the quest for the Orb.
     0 | D:1      | Reached XP level 1. HP: 19/19 MP: 1/1
     3 | D:1      | Noticed an electric eel
     3 | D:1      | Noticed an electric eel
   245 | D:1      | Reached XP level 2. HP: 21/26 MP: 2/2
   558 | D:1      | Reached ** piety under Trog
   905 | D:2      | Found a glowing golden altar of the Shining One.
   922 | D:2      | Reached XP level 3. HP: 32/33 MP: 3/3
   937 | D:2      | Reached skill level 4 in Fighting
  1349 | D:3      | Noticed Ijyb
  1375 | D:3      | Killed Ijyb
  1375 | D:3      | Reached XP level 4. HP: 41/41 MP: 4/4
  1432 | D:3      | Found an iron altar of Okawaru.
  1539 | D:3      | Found a sparkling altar of Nemelex Xobeh.
  1751 | D:3      | Reached XP level 5. HP: 37/47 MP: 5/5
  2223 | D:3      | Reached skill level 5 in Fighting
  2224 | D:3      | Found a deep blue altar of Sif Muna.
  2454 | D:4      | Reached skill level 1 in Stealth
  2457 | D:4      | Reached XP level 6. HP: 17/56 MP: 6/6
  2634 | D:4      | Reached skill level 5 in Dodging
  2680 | D:4      | Found a staircase to the Ecumenical Temple.
  2685 | D:4      | Found Owacu's Antique Weapon Boutique.
  2693 | D:4      | Reached skill level 6 in Fighting
  2698 | D:4      | Found Xyagruygywk's Antique Weapon Emporium.
  2718 | D:4      | Bought a runed war axe for 149 gold pieces
  3452 | D:4      | Your scales start taking on a rich purple colour.
  3452 | D:4      | Reached XP level 7. HP: 63/63 MP: 7/7
  3522 | D:5      | Entered Level 5 of the Dungeon
  3617 | D:5      | Reached *** piety under Trog
  3627 | D:5      | Noticed Sigmund
  3648 | D:5      | Killed Sigmund
  3648 | D:5      | Reached skill level 7 in Fighting
  4053 | D:5      | Reached XP level 8. HP: 70/74 MP: 8/8
  4339 | D:5      | Noticed Prince Ribbit
  4707 | D:5      | Reached skill level 8 in Fighting
  5124 | D:6      | Got a blackened falchion
  5161 | D:6      | Identified the +8 falchion "Nemn" {venom, rPois MR+} (You found it on level 6 of the Dungeon)
  5368 | D:6      | Reached skill level 1 in Long Blades
  5475 | D:6      | Found a hide-covered altar of Uskayaw.
  5511 | D:6      | Reached skill level 9 in Fighting
  6375 | D:7      | Found a burning altar of Makhleb.
  6385 | D:7      | Reached **** piety under Trog
  6533 | D:7      | Reached XP level 9. HP: 60/84 MP: 9/9
  6868 | D:8      | Found a shimmering altar of Xom.
  6908 | D:8      | Reached skill level 1 in Evocations
  7017 | D:8      | Noticed a two-headed ogre
  7022 | D:8      | Killed a two-headed ogre
  7022 | D:8      | Reached skill level 10 in Fighting
  7114 | D:8      | Found a radiant altar of Vehumet.
  7782 | D:9      | Reached XP level 10. HP: 66/94 MP: 10/10
  7849 | D:9      | Noticed a two-headed ogre
  7857 | D:9      | HP: 3/94 [two-headed ogre/giant spiked club (15)]
  7858 | D:9      | Annihilated by a two-headed ogre

Skill      XL: |  1  2  3  4  5  6  7  8  9 |
---------------+----------------------------+-----
Dodging        | 3 4 5 |  5.8
Fighting       | 4 5 6 7 9 10 | 10.5
Stealth        | 1 |  1.8
Axes           | 3 4 |  4.6
Long Blades    | 2 7 |  7.7
Evocations     | 1 |  1.0
Maces & Flails | |  3.0
Throwing       | |  0.6

Action                   |  1- 3 |  4- 6 |  7- 9 | 10-12 || total
-------------------------+-------+-------+-------+-------++-------
Melee: Mace              |    70 |       |       |       ||    70
       Tailslap          |    14 |    16 |    64 |     2 ||    96
       Flail             |    51 |   158 |    42 |       ||   251
       War axe           |       |       |   156 |       ||   156
       Falchion          |       |       |   177 |     8 ||   185
Throw: Javelin           |       |       |     2 |       ||     2
Invok: Berserk           |     1 |       |       |       ||     1
       Trog's Hand       |       |     1 |     1 |       ||     2
Evoke: Wand              |       |       |     2 |       ||     2
  Use: Scroll            |       |       |    10 |       ||    10
       Potion            |       |       |     1 |       ||     1
 Stab: Sleeping          |     1 |     5 |     3 |       ||     9
  Eat: Chunk             |     1 |     8 |     6 |       ||    15
       Bread ration      |       |       |     3 |       ||     3
Armor: Skin              |    60 |    60 |   131 |     1 ||   252
Dodge: Dodged            |   117 |   119 |   290 |     7 ||   533
       Rpst.: Falchion   |       |       |    37 |     5 ||    42
